 Dungeon Crawl Stone Soup version 0.23.2 (webtiles) character file.

Game seed: 17077629511508052043

128 redwoodhats the Cutter (level 4, -1/28 HPs)
             Began as a Deep Elf Berserker on Apr 2, 2019.
             Was a Follower of Trog.
             Slain by a goblin
             ... wielding a +0 club
              (4 damage)
             ... on level 2 of the Dungeon.
             The game lasted 00:04:06 (1359 turns).

redwoodhats the Cutter (Deep Elf Berserker)         Turns: 1359, Time: 00:04:06

Health: -1/28      AC:  3    Str: 15      XL:     4   Next: 86%
Magic:  6/6        EV: 13    Int: 11 (12) God:    Trog [*.....]
Gold:   22         SH:  0    Dex: 13 (14) Spells: 3/3 levels left

rFire    . . .     SeeInvis .   d - +5 whip (venom)
rCold    . . .     Gourm    .   (no shield)
rNeg     . . .     Faith    .   b - +0 animal skin
rPois    .         Spirit   .   (no helmet)
rElec    .         Reflect  .   j - +0 cloak
rCorr    .         Harm     .   (no gloves)
MR       .....                  (no boots)
Stlth    +.........             (no amulet)
HPRegen  0.09/turn              (no ring)
MPRegen  0.10/turn              (no ring)

@: lethally poisoned (-1 -> -6), berserk cooldown, slowed, very slow
A: no striking features
a: Berserk, Renounce Religion


You were on level 2 of the Dungeon.
You worshipped Trog.
Trog was aware of your devotion.
You were not hungry.

You visited 1 branch of the dungeon, and saw 2 of its levels.

You collected 22 gold pieces.

Inventory:

Hand Weapons
 a - a +0 short sword
 d - a +5 whip of venom (weapon)
Armour
 b - a +0 animal skin (worn)
 j - a +0 cloak (worn)
Scrolls
 i - a scroll of enchant armour {unknown}
 k - a scroll of remove curse {unknown}
Comestibles
 c - a ration


   Skills:
 + Level 3.3 Fighting
 + Level 3.7 Short Blades
 + Level 1.2 Maces & Flails
 + Level 1.8 Armour
 + Level 3.2 Dodging
 + Level 0.3 Stealth


You had 3 spell levels left.
You didn't know any spells.
Your spell library was empty.

Dungeon Overview and Level Annotations

Branches:
Dungeon (2/15)

Altars:


Message History

You feel sick. The adder closely misses you. x2
You whack the adder!
You kill the adder!
Trog accepts your kill.
* * * LOW HITPOINT WARNING * * *
You feel sick. The goblin hits you with a +0 club.
* * * LOW HITPOINT WARNING * * *
A rat comes into view.
You aren't carrying any potions.
As you read the scroll labeled LAROISM JYLEI, it crumbles to dust.
You feel aware of your surroundings.
You sensed 1 altar.
It was a scroll of magic mapping.
* * * LOW HITPOINT WARNING * * *
You feel sick. The goblin closely misses you.
As you read the scroll labeled NAOPTI JIONTO, it crumbles to dust.
It is a scroll of enchant weapon.
Your +4 whip of venom glows red for a moment.
* * * LOW HITPOINT WARNING * * *
You feel sick. The goblin hits you with a +0 club.
You die...

,,** **,#........,*,,*,,,*
,,,***,,#.......,,,,****,**
,,,,*,,####....#***** *,,*
,,,,,,,.....<>r## **,**
,,,,,**####.....# *,,**
,,,,******#.#.Sg## **,,* ,,,,*
*....>..#rr# **,****
,,,,***.###.####g# *,,,,**
,,*,**,,**#.* #@#### ****,,,
,,,,,,,,,*.,*
#....##**********,
,,,,,,**,#.,*
####.<#,,,,,,,,,,,
,,,,,,*,,,,,** ##.......#*****
,,,,,,,,**,,,******....###..**
* ,,,,,,*****,,,,,,,..####
**,,**** ,,,,,,*****,*****###*
**,,,,, ,,,,,,,**,,,* ******
,,,,,,,**,***


You could see an adder, a hobgoblin, a goblin and 3 rats.

Vanquished Creatures
  An ice beast (D:2)
  An adder (D:2)
  A dart slug (D:1)
  3 giant cockroaches (D:1)
  4 hobgoblins (D:1)
  4 kobolds (D:1)
  3 bats (D:1)
  A frilled lizard (D:1)
  2 goblins (D:1)
  3 rats (D:1)
23 creatures vanquished.

Notes
Turn   | Place    | Note
-------+----------+-------------------------------------------
     0 | D:1      | redwoodhats the Deep Elf Berserker began the quest for the
                  | Orb.
     0 | D:1      | Reached XP level 1. HP: 13/13 MP: 3/3
   241 | D:1      | Reached XP level 2. HP: 18/18 MP: 4/4
  1331 | D:2      | Noticed an ice beast
  1335 | D:2      | Killed an ice beast
  1335 | D:2      | Reached skill level 1 in Maces & Flails
  1335 | D:2      | Reached XP level 3. HP: 23/23 MP: 5/5
  1335 | D:2      | Reached XP level 4. HP: 28/28 MP: 6/6
  1359 | D:2      | Slain by a goblin

Skill      XL: |  1  2 |
---------------+-------+-----
Fighting       | 3 |  3.3
Maces & Flails | 1 |  1.2
Dodging        | 3 |  3.2
Short Blades   | |  3.7
Armour         | |  1.8
Stealth        | |  0.3

Action                   |  1- 3 |  4- 6 || total
-------------------------+-------+-------++-------
Melee: Whip              |    48 |     7 ||    55
Invok: Berserk           |     1 |       ||     1
  Use: Potion            |     2 |       ||     2
       Scroll            |       |     2 ||     2
  Eat: Ration            |     1 |       ||     1
Armor: Animal skin       |     7 |     2 ||     9
Dodge: Dodged            |    29 |    11 ||    40
